[Event "Team 45 45 League T55"]
[Site "Internet Chess Club"]
[Date "2012.12.30"]
[Round "6"]
[White "sockmonkey"]
[Black "browndeer"]
[Result "1-0"]
[WhiteElo "1554"]
[BlackElo "1428"]
[Opening "King's Indian: Torre attack"]
[ECO "A48"]
[Time "15:40:49"]
[TimeControl "2700+45"]

1. d4 Nf6 2. Nf3 g6 3. Bg5 Bg7 4. Nbd2 O-O 5. e3 d5 6. Be2 e6 7. O-O Nc6 8. Ne5
Qd6 9. Bf4 Qe7 10. Nxc6 bxc6 11. c3 c5 12. Qa4 Bd7 13. Qa3 Rfc8 14. Qxc5 Qxc5
15. dxc5 c6 16. Rfd1 Bf8 17. b4 a5 18. a3 Bg7 19. Be5 Ra7 20. c4 Rca8 21. f4 Ne8
22. Bxg7 Nxg7 23. b5 a4 24. Rab1 Ra5 25. cxd5 exd5 26. e4 cxb5 27. exd5 Bf5 28.
Rbc1 Rc8 29. c6 Ne8 30. g4 b4 31. axb4 Rxd5 32. gxf5 Rxf5 33. Bg4 Rxc6 34. Rxc6
Rxf4 35. Rc4 Rf6 36. Rc8 Kf8 37. Bd7 a3 38. Rxe8+ Kg7 39. Ra8 Rd6 40. Bb5 Rb6
41. Bc4 Rxb4 42. Rxa3 {Black resigns} 1-0

[Event "Team 45 45 League T55"]
[Site "Internet Chess Club"]
[Date "2012.12.22"]
[Round "6"]
[White "XGG123"]
[Black "seattleblues"]
[Result "0-1"]
[WhiteElo "1357"]
[BlackElo "1440"]
[Opening "Caro-Kann: classical variation"]
[ECO "B18"]
[Time "22:00:19"]
[TimeControl "2700+45"]

1. e4 c6 2. d4 d5 3. Nd2 dxe4 4. Nxe4 Bf5 5. Nc3 e6 6. Nf3 Nd7 7. Bd3 Bg6 8. O-O
Ngf6 9. Bf4 Nb6 10. Re1 Nbd5 11. Nxd5 Nxd5 12. Bc1 Bd6 13. Qe2 Nf4 14. Bxf4 Bxf4
15. Bc4 O-O 16. Bxe6 fxe6 17. Qxe6+ Bf7 18. Qe4 Bd5 19. Qd3 Bxf3 20. gxf3 Qg5+
21. Kf1 Bxh2 22. Ke2 Rae8+ 23. Kd1 Rxe1+ 24. Kxe1 Re8+ 25. Kd1 Qg1+ 26. Kd2 Qxa1
27. Qc4+ Kh8 28. d5 Qe1+ 29. Kd3 Qf1+ 30. Kc3 Be5+ 31. Kb3 Qxc4+ 32. Kxc4 cxd5+
33. Kxd5 Bxb2 34. Kd6 h5 35. Kd7 Rf8 36. Ke7 Rxf3 37. c4 h4 38. c5 h3 39. Kd7 h2
40. Kc7 h1=Q 41. Kxb7 Ra3+ 42. c6 Bd4 43. Kc7 Rc3 44. Kb7 Qxc6+ 45. Kb8 Qc8#
{White checkmated} 0-1

[Event "Team 45 45 League T55"]
[Site "Internet Chess Club"]
[Date "2012.12.22"]
[Round "6"]
[White "AtomicDog"]
[Black "kingsleywang"]
[Result "0-1"]
[WhiteElo "1340"]
[BlackElo "1436"]
[Opening "Scandinavian (center counter) defense"]
[ECO "B01"]
[Time "13:00:31"]
[TimeControl "2700+45"]

1. e4 d5 2. exd5 Qxd5 3. Nc3 Qa5 4. d4 c6 5. Nf3 Nf6 6. Bd2 Qc7 7. Bc4 Bf5 8.
O-O e6 9. Re1 Bd6 10. Ne5 Nbd7 11. Bf4 Nd5 12. Nxd5 cxd5 13. Bb5 Rd8 14. c3 Bxe5
15. Bxd7+ Qxd7 16. Bxe5 O-O 17. g4 Bg6 18. h4 h6 19. Kg2 Qe7 20. Rh1 f5 21. Rh3
fxg4 22. Qxg4 Qf7 23. Qe2 Be4+ 24. Kh2 Qxf2+ 25. Qxf2 Rxf2+ 26. Kg1 Rg2+ 27. Kf1
Rf8+ {White resigns} 0-1

[Event "Team 45 45 League T55"]
[Site "Internet Chess Club"]
[Date "2012.12.20"]
[Round "6"]
[White "otherook"]
[Black "fireball"]
[Result "0-1"]
[WhiteElo "1755"]
[BlackElo "1780"]
[Opening "English opening"]
[ECO "A20"]
[Time "17:04:16"]
[TimeControl "2700+45"]

1. c4 e5 2. g3 Nf6 3. Bg2 d5 4. cxd5 Nxd5 5. Nc3 Nb6 6. Nf3 Nc6 7. O-O Be7 8. a3
a5 9. d3 O-O 10. Be3 Be6 11. Bxb6 cxb6 12. Nb5 Qd7 13. Rc1 Rac8 14. Qd2 h6 15.
Rfd1 Rfd8 16. Nc3 f5 17. e4 g5 18. Ne1 Bb3 19. Nc2 Nd4 20. Nxd4 Bxd1 21. Nxf5
Bb3 22. Nxh6+ Kh7 23. Nf5 Bf6 24. Qe2 Bf7 25. Rd1 Qe8 26. Qg4 Bh5 {White
resigns} 0-1

[Event "Team 45 45 League T55"]
[Site "Internet Chess Club"]
[Date "2012.12.23"]
[Round "6"]
[White "nidusin2"]
[Black "crazyhorses"]
[Result "1-0"]
[WhiteElo "1628"]
[BlackElo "1422"]
[Opening "Sicilian: closed"]
[ECO "B25"]
[Time "11:00:27"]
[TimeControl "2700+45"]

1. e4 c5 2. Nc3 Nc6 3. g3 d6 4. Bg2 g6 5. d3 Bg7 6. Nge2 Bd7 7. f4 h5 8. h3 Nf6
9. Be3 Qa5 10. O-O b5 11. e5 dxe5 12. fxe5 Nh7 13. e6 fxe6 14. Bxc5 b4 15. Ne4
Rc8 16. d4 Nf6 17. Qd3 O-O 18. Ng5 Ne5 19. Qb3 Nd5 20. Bxd5 exd5 21. Qxd5+ Kh8
22. Nf4 Bc6 23. Qb3 Bb5 24. dxe5 Bxf1 25. Nxg6# {Black checkmated} 1-0

[Event "Team 45 45 League T55"]
[Site "Internet Chess Club"]
[Date "2012.12.23"]
[Round "6"]
[White "parrot9"]
[Black "monkeyshark"]
[Result "0-1"]
[WhiteElo "1687"]
[BlackElo "1575"]
[Opening "Scotch game"]
[ECO "C45"]
[Time "12:03:53"]
[TimeControl "2700+45"]

1. e4 e5 2. Nf3 Nc6 3. d4 exd4 4. Nxd4 Bc5 5. Be3 Qf6 6. c3 Nge7 7. Be2 d6 8.
O-O O-O 9. f4 Bd7 10. Qd2 Ng6 11. f5 Nge7 12. Na3 a6 13. Nac2 h6 14. Rf3 Kh8 15.
Rh3 Kh7 16. Bd3 Kg8 17. Qf2 Ng6 18. Bxh6 Nce5 19. Qg3 Nxd3 20. Qxd3 gxh6 21.
Rxh6 Kg7 22. Rf1 Kxh6 23. fxg6 Qxg6 24. Ne3 Rg8 25. g3 Bh3 26. Rf4 Bxd4 27. Rh4+
Kg5 28. Qxd4 Be6 29. Qd2 Kf6 30. Ng2 Ke7 31. Nf4 Qg5 32. Rh5 Qg4 33. Nd5+ Bxd5
34. Qxd5 Qe6 35. Qxb7 Kd7 36. Rd5 Rgb8 {White resigns} 0-1

[Event "Team 45 45 League T55"]
[Site "Internet Chess Club"]
[Date "2012.12.20"]
[Round "6"]
[White "LazyPeon"]
[Black "Constrictor"]
[Result "1-0"]
[WhiteElo "1815"]
[BlackElo "1684"]
[Opening "QGD Slav: Dutch variation, main line"]
[ECO "D19"]
[Time "17:06:52"]
[TimeControl "2700+45"]

1. d4 c6 2. c4 d5 3. Nf3 Nf6 4. Nc3 dxc4 5. a4 Bf5 6. e3 e6 7. Bxc4 Bb4 8. O-O
O-O 9. Qe2 Nbd7 10. e4 Bg6 11. Bd3 h6 12. Bd2 Rc8 13. e5 Bxd3 14. Qxd3 Nd5 15.
Nxd5 Bxd2 16. Nxd2 cxd5 17. f4 Qc7 18. Nf3 Qc2 19. Qxc2 Rxc2 20. g4 Rfc8 21. a5
Rxb2 22. Rfb1 Rcc2 23. Rxb2 Rxb2 24. Rc1 Rb5 25. Rc7 Nf8 26. f5 Rxa5 27. Rxb7
Ra4 28. Rb8 a5 29. Kf2 g5 30. Ke3 Ra3+ 31. Ke2 a4 32. h4 Ra2+ 33. Ke3 Ra3+ 34.
Kf2 exf5 35. gxf5 g4 36. Ne1 Kg7 37. f6+ Kg8 38. Ng2 Rf3+ 39. Ke2 a3 40. Ne3 Rh3
41. Nxd5 Rh2+ 42. Kd3 a2 43. Ne7+ Kh7 44. Rxf8 a1=Q 45. Rxf7+ Kh8 46. Ng6+ Kg8
47. Rg7# {Black checkmated} 1-0

[Event "Team 45 45 League T55"]
[Site "Internet Chess Club"]
[Date "2012.12.19"]
[Round "6"]
[White "Portola"]
[Black "pauliewoll"]
[Result "1-0"]
[WhiteElo "1780"]
[BlackElo "1530"]
[Opening "Queen's bishop game"]
[ECO "D02"]
[Time "12:48:06"]
[TimeControl "2700+45"]

1. d4 Nf6 2. Nf3 d5 3. Bf4 e6 4. e3 c5 5. c3 Nc6 6. Bd3 cxd4 7. exd4 Be7 8. h3
h6 9. Nbd2 O-O 10. O-O Re8 11. Re1 b6 12. Bb5 Bd7 13. a4 Na5 14. Bd3 Rc8 15. Ne5
Nc4 16. Nexc4 dxc4 17. Bxc4 Bc6 18. Ba6 Ra8 19. Qe2 Nd5 20. Bg3 Qd7 21. Qd1 Bd6
22. Bxd6 Qxd6 23. Ne4 Qd7 24. Bd3 f5 25. Ng3 Rac8 26. a5 b5 27. Qd2 Qd6 28. Re5
a6 29. Rae1 Re7 30. c4 bxc4 31. Bxc4 f4 32. Bxd5 fxg3 33. Bxe6+ Rxe6 34. Rxe6
Qd5 35. fxg3 {Black resigns} 1-0

[Event "Team 45 45 League T55"]
[Site "Internet Chess Club"]
[Date "2012.12.22"]
[Round "6"]
[White "losscause"]
[Black "g8wrb"]
[Result "1/2-1/2"]
[WhiteElo "1569"]
[BlackElo "1424"]
[Opening "Queen's Indian: 4.e3"]
[ECO "E14"]
[Time "11:03:53"]
[TimeControl "2700+45"]

1. d4 Nf6 2. c4 e6 3. Nf3 b6 4. e3 Bb7 5. Bd3 Be7 6. O-O O-O 7. Nc3 d5 8. Nd2 h6
9. Qc2 c5 10. dxc5 Bxc5 11. cxd5 exd5 12. Nb3 Be7 13. Nd4 Na6 14. Qe2 Nc5 15.
Bc2 Rc8 16. Nf5 Ba6 17. Nb5 Qd7 18. Nxe7+ Qxe7 19. b4 Nce4 20. Bd3 Bxb5 21. Bxb5
Nc3 22. Qd3 Nxb5 23. Qxb5 Rc4 24. a3 Rfc8 25. Bb2 Ne4 26. Rfc1 Rxc1+ 27. Rxc1
Rxc1+ 28. Bxc1 Nc3 29. Qd3 d4 30. h3 Qe4 31. Qxe4 Nxe4 32. exd4 Nc3 33. Kf1 Nd5
34. Bd2 b5 35. Ke2 Kf8 36. g4 Ke7 37. f4 Ke6 38. Kf3 g6 39. h4 f5 40. gxf5+ gxf5
41. Ke2 {Game drawn by mutual agreement} 1/2-1/2

[Event "Team 45 45 League T55"]
[Site "Internet Chess Club"]
[Date "2012.12.24"]
[Round "6"]
[White "AtomicDog"]
[Black "SirIvanhoe"]
[Result "0-1"]
[WhiteElo "1332"]
[BlackElo "1548"]
[Opening "Caro-Kann: advance variation"]
[ECO "B12"]
[Time "13:03:14"]
[TimeControl "2700+45"]

1. e4 c6 2. d4 d5 3. e5 Bf5 4. Nf3 e6 5. Be2 c5 6. Be3 Qb6 7. Nbd2 Nc6 8. c3
cxd4 9. cxd4 Qxb2 10. O-O Bc2 11. Qc1 Ba3 12. Nb3 Nge7 13. Ne1 Bg6 14. Bd3 Nf5
15. Bf4 Qxc1 16. Bxc1 Bxc1 17. Rxc1 Nfxd4 18. f4 Bxd3 19. Nxd3 Ne2+ {White
resigns} 0-1

[Event "Team 45 45 League T55"]
[Site "Internet Chess Club"]
[Date "2012.12.23"]
[Round "6"]
[White "adypady"]
[Black "chiiwen"]
[Result "1/2-1/2"]
[WhiteElo "1861"]
[BlackElo "2126"]
[Opening "Sicilian: Kan, 5.Nc3"]
[ECO "B43"]
[Time "15:05:42"]
[TimeControl "2700+45"]

1. e4 c5 2. Nf3 e6 3. d4 cxd4 4. Nxd4 a6 5. Nc3 Qc7 6. Be2 Bb4 7. O-O Nf6 8. Qd3
Nc6 9. Nxc6 bxc6 10. f4 d5 11. e5 Nd7 12. Qg3 g6 13. Be3 Bb7 14. Rae1 c5 15. a3
Ba5 16. Bf2 d4 17. b4 cxb4 18. axb4 Bxb4 19. Bxd4 Rc8 20. Rb1 Bc5 21. Bxc5 Nxc5
22. Rfd1 O-O 23. Rd4 Rfd8 24. Rc4 Bd5 25. Nxd5 exd5 26. Rcb4 a5 27. Rb5 Ne4 28.
Qe3 Qxc2 29. Bd3 Qc3 30. R5b3 Qc5 31. Bxe4 dxe4 32. Qxc5 Rxc5 33. Rb8 Rxb8 34.
Rxb8+ Kg7 35. Rb2 Rc4 36. Kf2 h5 37. Ke3 a4 38. Ra2 Kf8 39. Rd2 Ke7 40. Rd6 h4
41. Ra6 Rb4 42. Ra7+ Ke6 43. g4 h3 44. Ra6+ Kd5 45. Ra5+ Kc4 46. f5 gxf5 47.
gxf5 Kb3 48. e6 fxe6 49. fxe6 Rb6 50. Re5 Rb8 51. e7 Re8 52. Rb5+ Kc4 53. Ra5
Rxe7 54. Rxa4+ {Game drawn by mutual agreement} 1/2-1/2

[Event "Team 45 45 League T55"]
[Site "Internet Chess Club"]
[Date "2012.12.22"]
[Round "6"]
[White "Sir-Sinister"]
[Black "The7thGuest"]
[Result "0-1"]
[WhiteElo "1983"]
[BlackElo "1975"]
[Opening "Sicilian: closed, 6.f4"]
[ECO "B25"]
[Time "08:02:36"]
[TimeControl "2700+45"]

1. e4 c5 2. Nc3 Nc6 3. g3 g6 4. Bg2 Bg7 5. d3 d6 6. f4 Nf6 7. Nf3 O-O 8. O-O Rb8
9. Ne2 Bd7 10. c3 b5 11. Rb1 b4 12. Bd2 a5 13. h3 Qc8 14. Kh2 Qa6 15. Qc2 c4 16.
d4 b3 17. axb3 cxb3 18. Qd1 Nxe4 19. Be3 Nf6 20. Re1 a4 21. Nc1 Rfe8 22. Bf2 Qa5
23. Ra1 e5 24. dxe5 dxe5 25. fxe5 Nxe5 26. Nxe5 Rxe5 27. Qd6 Rbe8 28. Nxb3 Qb5
29. Nd4 Qxb2 30. Rxe5 Rxe5 31. Qxe5 Ng4+ {White resigns} 0-1

[Event "Team 45 45 League T55"]
[Site "Internet Chess Club"]
[Date "2012.12.22"]
[Round "6"]
[White "UsuallySleepy"]
[Black "Bonneville"]
[Result "0-1"]
[WhiteElo "1916"]
[BlackElo "1913"]
[Opening "Giuoco Pianissimo"]
[ECO "C55"]
[Time "11:01:11"]
[TimeControl "2700+45"]

1. e4 e5 2. Nf3 Nc6 3. Bc4 Nf6 4. d3 Bc5 5. c3 O-O 6. O-O Bb6 7. Nbd2 d6 8. Bb3
Qe7 9. h3 h6 10. Re1 Be6 11. Bc2 a5 12. Nf1 d5 13. Qe2 dxe4 14. dxe4 a4 15. Be3
Rfd8 16. Bxb6 cxb6 17. Qb5 Qc7 18. Ng3 a3 19. b3 Ra5 20. Qe2 Rc5 21. Qe3 Nb4 22.
cxb4 Rxc2 23. Rac1 Rc8 24. Rxc2 Qxc2 25. Qe2 Qb2 26. Rd1 Rc2 27. Rd2 Rxd2 28.
Qxd2 Bxb3 {White resigns} 0-1

[Event "Team 45 45 League T55"]
[Site "Internet Chess Club"]
[Date "2012.12.22"]
[Round "6"]
[White "pmcglothin"]
[Black "alexdb"]
[Result "0-1"]
[WhiteElo "1797"]
[BlackElo "1901"]
[Opening "Four knights game"]
[ECO "C47"]
[Time "10:27:40"]
[TimeControl "2700+45"]

1. e4 e5 2. Nf3 Nc6 3. Nc3 Nf6 4. g3 Bc5 5. Bg2 d6 6. O-O a6 7. d3 Be6 8. Bg5 h6
9. Be3 Bxe3 10. fxe3 Ne7 11. d4 Ng6 12. Qe2 c6 13. Rfd1 Qc7 14. d5 Bg4 15. h3
Bd7 16. dxc6 Bxc6 17. Nd2 O-O 18. a4 Rfd8 19. Nd5 Bxd5 20. exd5 Ne7 21. c4 Rab8
22. Kh2 Qb6 23. Rdb1 Nf5 24. Ra3 Qb4 25. Be4 Nxe4 26. Nxe4 b5 27. axb5 axb5 28.
cxb5 Qxe4 29. Rf1 Rdc8 30. Rf2 Rc1 31. Rg2 Rbc8 32. Rd3 R8c2 33. Rd2 Nxe3 34.
Rxc2 Rxc2 {White resigns} 0-1

[Event "Team 45 45 League T55"]
[Site "Internet Chess Club"]
[Date "2012.12.20"]
[Round "6"]
[White "f5"]
[Black "stile"]
[Result "1-0"]
[WhiteElo "2099"]
[BlackElo "1814"]
[Opening "Dutch with c4 & Nc3"]
[ECO "A85"]
[Time "22:00:53"]
[TimeControl "2700+45"]

1. d4 f5 2. c4 Nf6 3. Nc3 g6 4. h4 h6 5. e4 e6 6. e5 Ng8 7. f4 h5 8. Nf3 Nh6 9.
a3 Be7 10. Be3 Ng4 11. Bg1 d6 12. g3 Nd7 13. Bg2 c6 14. exd6 Bxd6 15. Ng5 Qe7
16. Qe2 Ndf6 17. O-O-O O-O 18. c5 Bc7 19. d5 cxd5 20. Nxd5 Nxd5 21. Bxd5 Re8 22.
Re1 Nf6 23. Bxe6+ Bxe6 24. Qxe6+ Qxe6 25. Rxe6 Bd8 26. Rxe8+ Nxe8 27. Bd4 Rc8
28. Kd2 Bf6 29. Ke3 Kg7 30. b4 Nc7 31. Bxf6+ Kxf6 32. Rd1 Re8+ 33. Kf3 Re7 34.
Rd6+ Kg7 35. Kf2 Nb5 36. Rd3 Kf6 37. Nf3 Re4 38. Nd2 Rd4 39. Rxd4 Nxd4 40. Nc4
Ke6 41. Ke3 Kd5 42. Kd3 Nc6 43. Ne3+ Ke6 44. b5 Ne7 45. Kd4 Ng8 46. Nd5 Kd7 47.
Ke5 {Black resigns} 1-0

[Event "Team 45 45 League T55"]
[Site "Internet Chess Club"]
[Date "2012.12.23"]
[Round "6"]
[White "bogolijubov"]
[Black "TooStrongForYou"]
[Result "0-1"]
[WhiteElo "1720"]
[BlackElo "2047"]
[Opening "Ruy Lopez: exchange variation, Alapin gambit"]
[ECO "C68"]
[Time "16:18:00"]
[TimeControl "2700+45"]

1. e4 e5 2. Nf3 Nc6 3. Bb5 a6 4. Bxc6 dxc6 5. O-O Bg4 6. h3 h5 7. d3 Qf6 8. Nbd2
Ne7 9. Re1 Ng6 10. d4 Bd6 11. hxg4 hxg4 12. Nh2 Rxh2 13. Qxg4 Rh4 14. Qf5 exd4
15. Nf3 Rh7 16. Bg5 Qe6 17. Qxe6+ fxe6 18. e5 Be7 19. Bxe7 Kxe7 20. Nxd4 Rah8
21. g3 Nxe5 22. f4 c5 23. Nf5+ exf5 24. Rxe5+ Kf6 25. Kf2 Rh2+ 26. Kf3 Rxc2 27.
Rae1 Rhh2 28. Re6+ Kf7 29. Re7+ Kg6 30. Ke3 Rhg2 31. Kd3 Rxb2 32. Rxc7 Rxg3+ 33.
Kc4 b5+ {White resigns} 0-1

[Event "Team 45 45 League T55"]
[Site "Internet Chess Club"]
[Date "2012.12.23"]
[Round "6"]
[White "gaibo4ever"]
[Black "cheVelle"]
[Result "1-0"]
[WhiteElo "2031"]
[BlackElo "1940"]
[Opening "Ruy Lopez: closed, Chigorin, 12...c5d4"]
[ECO "C96"]
[Time "16:00:06"]
[TimeControl "2700+45"]

1. e4 e5 2. Nf3 Nc6 3. Bb5 a6 4. Ba4 Nf6 5. O-O Be7 6. Re1 b5 7. Bb3 O-O 8. h3
d6 9. c3 Na5 10. Bc2 c5 11. d4 cxd4 12. cxd4 Qc7 13. Nbd2 Nc6 14. Nb3 a5 15. Be3
Nb4 16. Bb1 Bb7 17. a3 Na6 18. Bd2 b4 19. a4 Rfe8 20. Bd3 Bf8 21. Bg5 Nd7 22.
Rc1 Qb6 23. Bb5 f6 24. Bxd7 Re7 25. Bb5 fxg5 26. Bc4+ Kh8 27. Nxg5 g6 28. Qf3
Bg7 29. Nf7+ Rxf7 30. Qxf7 Rf8 31. Qe7 exd4 32. Bd3 Nc5 33. Nxc5 dxc5 34. Qxc5
Qf6 35. Rf1 Qf4 36. Qxa5 Bc8 37. Rxc8 Rxc8 38. Qxb4 Be5 39. g3 Qf3 40. Bb1 Rd8
41. Qa5 Re8 42. Qb5 Re7 43. Qd3 Qf7 44. Rc1 Rb7 45. Qd2 Qd7 46. Rc5 Bf6 47. e5
Be7 48. Rc4 Qd5 49. Rxd4 Qxe5 50. b4 Bf6 51. Re4 Qa1 52. Qc2 Rd7 53. Kg2 Bc3 54.
Re8+ Kg7 55. Qb3 Rf7 56. Ba2 Rf5 57. Re7+ Kh6 58. Qg8 Rxf2+ 59. Kxf2 Bd4+ 60.
Kf3 Qh1+ 61. Ke2 Qg2+ 62. Kd3 Qxg3+ 63. Kc4 Qc3+ 64. Kb5 Bg7 65. Qxg7+ Qxg7 66.
Rxg7 Kxg7 67. a5 {Black resigns} 1-0

[Event "Team 45 45 League T55"]
[Site "Internet Chess Club"]
[Date "2012.12.26"]
[Round "6"]
[White "infiniteshug"]
[Black "lasker25"]
[Result "1-0"]
[WhiteElo "1842"]
[BlackElo "1881"]
[Opening "KP: Nimzovich defense"]
[ECO "B00"]
[Time "07:32:53"]
[TimeControl "2700+45"]

1. e4 Nc6 2. d4 d5 3. exd5 Qxd5 4. Nf3 Bg4 5. c4 Qd7 6. d5 Bxf3 7. Qxf3 Nd4 8.
Qc3 e5 9. Bd3 a5 10. a3 Bc5 11. O-O Ne7 12. Nd2 O-O 13. Ne4 Bb4 14. axb4 axb4
15. Rxa8 bxc3 16. Rxf8+ Kxf8 17. bxc3 Ndf5 18. Ba3 Nh4 19. h3 b6 20. Bb4 h6 21.
Ra1 f5 22. d6 Nc6 23. dxc7+ Nxb4 24. Ra8+ Kf7 25. c8=Q Qxc8 26. Nd6+ Ke6 27.
Bxf5+ Nxf5 28. Nxc8 {Black resigns} 1-0

[Event "Team 45 45 League T55"]
[Site "Internet Chess Club"]
[Date "2012.12.22"]
[Round "6"]
[White "xt"]
[Black "ticopatzer"]
[Result "0-1"]
[WhiteElo "1628"]
[BlackElo "1673"]
[Opening "Robatsch (modern) defense"]
[ECO "B06"]
[Time "12:05:31"]
[TimeControl "2700+45"]

1. e4 g6 2. Bc4 Bg7 3. Nf3 d6 4. h3 a6 5. Nc3 e6 6. d3 b5 7. Bb3 Ne7 8. a3 Bb7
9. Bg5 O-O 10. Qd2 Nd7 11. Bh6 c5 12. Bxg7 Kxg7 13. Ne2 c4 14. dxc4 Bxe4 15.
Qd4+ Nf6 16. h4 Nf5 17. Qc3 Rc8 18. g4 Bxf3 19. Qxf3 bxc4 20. Ba2 Ne7 21. g5
Qa5+ 22. c3 Nd7 23. h5 Qxg5 24. hxg6 hxg6 25. Rg1 Ne5 26. Qe3 Qxe3 27. fxe3 Nf3+
28. Kf2 Nxg1 29. Kg2 Nxe2 {White resigns} 0-1

[Event "Team 45 45 League T55"]
[Site "Internet Chess Club"]
[Date "2012.12.27"]
[Round "6"]
[White "julesraider"]
[Black "latayvia"]
[Result "0-1"]
[WhiteElo "1553"]
[BlackElo "1743"]
[Opening "QGD semi-Slav: 7.Bc4"]
[ECO "D47"]
[Time "10:00:49"]
[TimeControl "2700+45"]

1. d4 d5 2. c4 c6 3. e3 Nf6 4. Nc3 e6 5. Nf3 Nbd7 6. Bd3 dxc4 7. Bxc4 Bd6 8. O-O
O-O 9. Qc2 b5 10. Bd3 Bb7 11. Ne4 Nxe4 12. Bxe4 f5 13. Bd3 c5 14. Qe2 c4 15. Bc2
Nf6 16. a4 Ng4 17. g3 a6 18. h3 Rc8 19. hxg4 fxg4 20. Ne5 Bxe5 21. Qxg4 Bf3 22.
Qxe6+ Kh8 23. Qxe5 Rc7 24. axb5 Re7 25. Qg5 Rf6 26. bxa6 Rh6 27. Qh4 Rxh4 28.
gxh4 Qd7 29. Kh2 Qg4 30. Rg1 Qxh4# {White checkmated} 0-1

[Event "Team 45 45 League T55"]
[Site "Internet Chess Club"]
[Date "2012.12.21"]
[Round "6"]
[White "gandre"]
[Black "rayngrant"]
[Result "1-0"]
[WhiteElo "1823"]
[BlackElo "1548"]
[Opening "King's Indian: London system"]
[ECO "A48"]
[Time "19:01:07"]
[TimeControl "2700+45"]

1. d4 Nf6 2. Nf3 g6 3. Bf4 Bg7 4. e3 Nh5 5. Be5 f6 6. Bg3 Nxg3 7. hxg3 d6 8. Bd3
Bg4 9. Rxh7 Kf7 10. Rxh8 Qxh8 11. Nbd2 Qh1+ 12. Bf1 Nc6 13. Qe2 a6 14. Qc4+ e6
15. d5 exd5 16. Qxg4 {Black resigns} 1-0

[Event "Team 45 45 League T55"]
[Site "Internet Chess Club"]
[Date "2012.12.27"]
[Round "6"]
[White "FractalDante"]
[Black "typhoon"]
[Result "0-1"]
[WhiteElo "1569"]
[BlackElo "1547"]
[Opening "Scotch game"]
[ECO "C45"]
[Time "21:00:47"]
[TimeControl "2700+45"]

1. e4 e5 2. Nf3 Nc6 3. d4 exd4 4. Nxd4 d6 5. Nc3 Nf6 6. Nxc6 bxc6 7. Bd3 Be7 8.
O-O O-O 9. f3 Re8 10. Be3 g6 11. Qd2 Bf8 12. Bg5 Bg7 13. Rad1 Rb8 14. b3 Bd7 15.
Rfe1 Qe7 16. Ne2 Qf8 17. Ng3 h6 18. Be3 Kh7 19. a4 c5 20. Bf2 Bc6 21. Qa5 Rb7
22. Ba6 Rb6 23. Bc4 Qe7 24. Kh1 Nd7 25. Qd2 Ne5 26. Bf1 h5 27. Bd3 h4 28. Ne2 h3
29. Bg3 hxg2+ 30. Kxg2 Nxd3 31. Qxd3 Rb4 32. Qd2 Rxe4 33. Nf4 Rxe1 34. Rxe1 Qd8
35. Qd3 Rxe1 36. Bxe1 Qg5+ 37. Bg3 Be5 38. Qe3 Qf5 39. Nd3 Bd4 40. Qf4 Qe6 41.
Qh4+ Kg7 42. Nf4 Qe3 43. Qg4 Qg1+ 44. Kh3 Qf1+ 45. Kh4 Bf6+ {White resigns} 0-1

[Event "Team 45 45 League T55"]
[Site "Internet Chess Club"]
[Date "2012.12.22"]
[Round "6"]
[White "Helaman"]
[Black "FlyingTiger"]
[Result "0-1"]
[WhiteElo "1755"]
[BlackElo "1742"]
[Opening "Grünfeld: exchange, classical variation"]
[ECO "D87"]
[Time "20:01:14"]
[TimeControl "2700+45"]

1. d4 Nf6 2. c4 g6 3. Nc3 d5 4. cxd5 Nxd5 5. e4 Nxc3 6. bxc3 Bg7 7. Bc4 c5 8.
Ne2 Nc6 9. Be3 O-O 10. O-O Bd7 11. Rb1 Qc7 12. Bf4 Qc8 13. d5 Na5 14. Bd3 e5 15.
Be3 c4 16. Bc2 b6 17. Qd2 Nb7 18. f4 f6 19. Rf2 Nd6 20. Rbf1 Qa6 21. fxe5 fxe5
22. Rxf8+ Rxf8 23. Rxf8+ Bxf8 24. Bb1 Qb5 25. Qc2 Nf7 26. Kf2 Bc5 27. Bxc5 Qxc5+
28. Kf1 Nd6 29. Qd2 Qb5 30. Qc2 Nb7 31. Ng1 Nc5 32. Nf3 Nd3 33. Ne1 Nxe1 34.
Kxe1 Qc5 35. Qf2 Qa3 36. Qc2 Ba4 37. Qd2 Qc5 38. Bc2 Qg1+ 39. Ke2 Qxg2+ 40. Ke1
Qg1+ 41. Ke2 Qxh2+ 42. Kd1 Bxc2+ 43. Kxc2 Qxd2+ 44. Kxd2 h5 45. Ke3 Kf7 46. Kf3
b5 47. Kg3 a5 48. a3 b4 49. cxb4 axb4 50. axb4 c3 51. b5 c2 52. b6 c1=Q 53. b7
Qb2 54. d6 Qxb7 55. d7 Qxd7 56. Kh4 Qg4# {White checkmated} 0-1

[Event "Team 45 45 League T55"]
[Site "Internet Chess Club"]
[Date "2012.12.30"]
[Round "6"]
[White "milesotoole"]
[Black "badmove"]
[Result "1/2-1/2"]
[WhiteElo "1628"]
[BlackElo "1655"]
[Opening "Scotch: Mieses variation"]
[ECO "C45"]
[Time "17:21:10"]
[TimeControl "2700+45"]

1. e4 e5 2. Nf3 Nc6 3. d4 exd4 4. Nxd4 Nf6 5. Nxc6 bxc6 6. e5 Qe7 7. Qe2 Nd5 8.
c4 Nb6 9. Nd2 a5 10. b3 a4 11. Bb2 axb3 12. axb3 Rxa1+ 13. Bxa1 Qa3 14. Qd1 Bb4
15. Bd3 Qa5 16. Ke2 d6 17. f4 dxe5 18. fxe5 Bg4+ 19. Nf3 Nd7 20. Kf2 Nc5 21. Be2
Ne6 22. h3 Bxf3 23. Bxf3 Qa2+ 24. Kg1 O-O 25. Kh2 Rd8 26. Qb1 Qd2 27. Rd1 Qf4+
28. Kh1 {Game drawn by mutual agreement} 1/2-1/2

[Event "Team 45 45 League T55"]
[Site "Internet Chess Club"]
[Date "2012.12.29"]
[Round "6"]
[White "ILRE"]
[Black "krysto"]
[Result "0-1"]
[WhiteElo "1576"]
[BlackElo "1630"]
[Opening "English opening"]
[ECO "A16"]
[Time "14:00:24"]
[TimeControl "2700+45"]

1. c4 Nf6 2. Nc3 g6 3. g3 Bg7 4. Bg2 d6 5. Nf3 O-O 6. O-O e5 7. d3 c6 8. Rb1 a5
9. a3 Na6 10. Bg5 h6 11. Bd2 Re8 12. b4 axb4 13. axb4 Nc7 14. Qc1 Kh7 15. Qb2 e4
16. Ne1 Bf5 17. Qb3 exd3 18. Nxd3 Ne6 19. Be3 Ng4 20. Bd2 Nd4 21. Qd1 Qd7 22. h3
Ne5 23. Nxe5 Bxe5 24. Ra1 Rxa1 25. Qxa1 Bxh3 26. Qd1 Bxg2 27. Kxg2 Qg4 28. Rh1
h5 29. Rh4 Qf5 30. g4 Qe6 31. gxh5 g5 32. Rh3 Qg4+ 33. Rg3 Bxg3 34. fxg3 Nxe2
35. Be1 Nf4+ 36. Kf1 Qh3+ {White resigns} 0-1

[Event "Team 45 45 League T55"]
[Site "Internet Chess Club"]
[Date "2012.12.22"]
[Round "6"]
[White "burnsy"]
[Black "PaulRichard"]
[Result "1-0"]
[WhiteElo "1542"]
[BlackElo "1501"]
[Opening "QGD: Cambridge Springs defense"]
[ECO "D52"]
[Time "21:00:35"]
[TimeControl "2700+45"]

1. Nf3 Nf6 2. c4 e6 3. Nc3 d5 4. d4 Nbd7 5. Bg5 c6 6. e3 Qa5 7. Bd3 dxc4 8. Bxc4
Ne4 9. h4 Nxc3 10. bxc3 Qxc3+ 11. Nd2 Bb4 12. Rc1 Qxd2+ 13. Qxd2 Bxd2+ 14. Kxd2
h6 15. Bf4 Nf6 16. f3 Ke7 17. e4 Rd8 18. e5 Nd5 19. Bxd5 exd5 20. Rc3 Be6 21.
Rb1 Rd7 22. g4 h5 23. gxh5 Rh8 24. Rg1 Rxh5 25. Rxg7 Kf8 26. Rg2 Rxh4 27. Ke3
Rh5 28. Rc1 Bf5 29. Rcg1 Bg6 30. e6 Re7 31. Bd6 Ke8 32. Bxe7 Kxe7 33. exf7 Bxf7
34. Re2 Kd6 35. Rg7 Rf5 36. Rh2 Ke6 37. Rhh7 b6 38. Rh8 Kf6 39. Rhh7 Ke6 40.
Rh6+ Kd7 41. Rh8 Rf6 42. Ra8 a5 43. Ra7+ Ke8 44. Rh7 Kf8 45. Ra8+ Ke7 46. Ra7+
Kf8 47. Ra8+ Ke7 48. Rhh8 Be6 49. Ra7+ Bd7 50. Rh7+ {Black resigns} 1-0